 Dungeon Crawl Stone Soup version 0.27.0-1-g7a089689b8 (webtiles) character file.

Game seed: 3359425217201690648

156 sanka the Chucker (level 5, -1/36 HPs)
             Began as a Human Arcane Marksman on July 31, 2021.
             Succumbed to a scorpion's poison
             ... on level 5 of the Dungeon.
             The game lasted 00:07:36 (3713 turns).

sanka the Chucker (Human Arcane Marksman)           Turns: 3713, Time: 00:07:37

Health: -1/36      AC:  7    Str: 11    XL:     5   Next: 64%
Magic:  6/6        EV: 10    Int: 13    God:
Gold:   81         SH:  0    Dex: 14    Spells: 5/6 levels left

rFire    . . .     SeeInvis .   x - +1 long sword (elec)
rCold    . . .     Faith    .   (no shield)
rNeg     . . .     Spirit   .   o - +0 ring mail
rPois    .         Reflect  .   u - +2 hat
rElec    .         Harm     .   (no cloak)
rCorr    .         Rampage  .   (no gloves)
Will     .....                  (no boots)
Stlth    +.........             (no amulet)
HPRegen  0.12/turn              (no ring)
MPRegen  0.10/turn              (no ring)

@: lethally poisoned (-1 -> -20)
A: hooves 1, frail 1
a: no special abilities


You were on level 5 of the Dungeon.
You visited 1 branch of the dungeon, and saw 5 of its levels.

You collected 81 gold pieces.


Innate Abilities, Weirdness & Mutations

You have large cloven feet.
You are frail. (-10% HP)


   Skills:
 + Level 3.5 Fighting
 + Level 4.0 Throwing
 - Level 2.0 Dodging
 - Level 1.0 Spellcasting
 - Level 3.0 Hexes


You had 5 spell levels left.
You knew the following spells:

 Your Spells              Type           Power      Damage    Failure   Level
Z - Corona                Hex            8%         N/A       21%         1

Your spell library contained the following spells:

 Spells                   Type           Power      Damage    Failure   Level
 Slow                     Hex            8%         N/A       30%         2
 Animate Skeleton         Necr           0%         N/A       56%         1
 Apportation              Tloc           0%         N/A       56%         1
 Summon Small Mammal      Summ           0%         N/A       56%         1
 Inner Flame              Hex/Fire       4%         N/A       73%         3
 Portal Projectile        Hex/Tloc       8%         N/A       73%         3
 Cause Fear               Hex            4%         N/A       89%         4

Inventory:

Hand Weapons
 e - a +0 dagger
 j - a +0 hand axe
 n - a +1 hand axe of distortion
 q - a +0 rapier
 x - a +1 long sword of electrocution (weapon)
Missiles
 b - a javelin (quivered)
 g - 55 stones
 p - 11 poisoned darts
Armour
 a - a +0 robe
 o - a +0 ring mail (worn)
 r - a +0 helmet
 t - a +0 plate armour
 u - a +2 hat (worn)
Wands
 s - a wand of flame (14)
Scrolls
 f - a scroll of immolation {unknown}
 i - 3 scrolls of identify {unknown}
 k - a scroll of amnesia {unknown}
 l - a scroll of fear {unknown}
 m - a scroll of fog {unknown}
 w - a scroll of magic mapping {unknown}
Potions
 h - a potion of degeneration {unknown}
 v - a potion of might {unknown}

Dungeon Overview and Level Annotations

Branches:
Dungeon (6/15)
 Temple: D:4-7

Altars:
Elyvilon

Annotations:
D:3 3 runed translucent doors, Tempus's ghost, amateur DDCj

....▒ ▒▒
....▒ ▒.
(... ▒.
(.. ▒.▒..
▒.(. ▒ .
▒.s▒.▒....
▒.p.......
▒.▒.......
▒. .....<.
▒. .......
▒▒ .......
.......
..▒▒▒▒▒
.▒▒


You could see a scorpion.


Message History

You riposte.
You closely miss the scorpion.
The scorpion is heavily wounded.
Throw: 2 throwing nets {=f}
Aim: a scorpion (heavily wounded, 62% to hit)
You throw a throwing net {=f}.
The throwing net {=f} closely misses the scorpion.
* * * LOW HITPOINT WARNING * * *
You feel very sick. The scorpion stings you.
* * * LOW HITPOINT WARNING * * *
You are more poisoned.
The scorpion poisons you!
Unknown command.
Throw: throwing net {=f}
Aim: a scorpion (heavily wounded, 62% to hit)
You throw a throwing net {=f}.
The throwing net {=f} closely misses the scorpion.
* * * LOW HITPOINT WARNING * * *
You feel very sick. The scorpion closely misses you.
You riposte.
You closely miss the scorpion.
The scorpion is heavily wounded.
Unknown command.
It was a potion of mutation.
You feel extremely strange.
You feel frail.
Your feet thicken and deform.
You die...

Action                   |  1- 3 |  4- 6 || total
-------------------------+-------+-------++-------
Melee: Dagger            |    33 |       ||    33
       Unarmed           |    10 |       ||    10
       Hand axe          |    40 |     2 ||    42
       Rapier            |       |    74 ||    74
       Long sword        |       |     3 ||     3
Throw: Javelin           |    14 |    11 ||    25
       Throwing net      |       |     3 ||     3
 Cast: Corona            |    30 |     7 ||    37
  Use: Potion            |       |     1 ||     1
Armor: Robe              |    12 |       ||    12
       Ring mail         |       |    34 ||    34
Dodge: Dodged            |    54 |    48 ||   102
       Rpst.: Long sword |       |     3 ||     3

Levels and vault maps discovered:
D:1:      lightli_arrival_statuegarden, layout_loops_corners
D:2:      layout_basic, uniq_terence, uniq_robin, uniq_jessica
D:3:      layout_basic, elyvilon_altar_3,
          hellmonk_ecumenical_altar_pennies_from_heaven, gammafunk_ghost_split
D:5:      layout_rooms, solitary_fountain
D:6:      layout_basic, uniq_duvessa

Notes
Turn   | Place    | Note
-------+----------+-------------------------------------------
     0 | D:1      | sanka the Human Arcane Marksman began the quest for the
                  | Orb.
     0 | D:1      | Reached XP level 1. HP: 15/15 MP: 2/2
   394 | D:1      | Reached XP level 2. HP: 8/21 MP: 1/3
  1541 | D:2      | Reached skill level 2 in Fighting
  1541 | D:2      | Reached XP level 3. HP: 27/27 MP: 2/4
  2011 | D:2      | Reached skill level 3 in Throwing
  2078 | D:2      | Reached XP level 4. HP: 34/34 MP: 3/5
  2105 | D:2      | Noticed Terence
  2120 | D:2      | Killed Terence
  2342 | D:2      | Noticed Jessica
  2345 | D:2      | Killed Jessica
  2346 | D:2      | Reached skill level 3 in Fighting
  2346 | D:2      | Reached XP level 5. HP: 41/41 MP: 4/6
  2435 | D:2      | Noticed Robin
  2627 | D:2      | Killed Robin
  3035 | D:3      | Found a faded altar of an unknown god.
  3094 | D:3      | Found a runed translucent gate.
  3094 | D:3      | Found a runed translucent gate.
  3096 | D:3      | Found a runed translucent gate.
  3230 | D:3      | Reached skill level 4 in Throwing
  3364 | D:3      | Noticed Tempus's ghost (amateur DDCj)
  3449 | D:3      | Found a white marble altar of Elyvilon.
  3702 | D:5      | Entered Level 5 of the Dungeon
  3712 | D:5      | HP: 3/41 [poisoned by a scorpion]
  3713 | D:5      | Gained mutation: You are frail. (-10% HP) [potion of
                  | mutation]
  3713 | D:5      | Gained mutation: You have large cloven feet. [potion of
                  | mutation]
  3713 | D:5      | Succumbed to a scorpion's poison

Vanquished Creatures
  Jessica (D:2)
  Terence (D:2)
  Robin (D:2)
  5 adders
  A dart slug (D:1)
  4 endoplasms
  2 giant cockroaches (D:1)
  9 goblins
  9 hobgoblins
  A kobold (D:1)
  4 ball pythons
  4 bats
  2 frilled lizards (D:2)
  5 rats
49 creatures vanquished.
